 Dungeon Crawl Stone Soup version 0.27-a0-1378-gdefffd1ff6 (webtiles) character file.

Game seed: 11979006453329927948

388 snetch the Magician (level 7, -9/40 HPs)
             Began as a Djinni Fire Elementalist on June 30, 2021.
             Was a Believer of Hepliaklqana.
             Killed from afar by Dowan (12 damage)
             ... with a shard of ice
             ... on level 5 of the Dungeon.
             The game lasted 00:19:12 (5100 turns).

snetch the Magician (Djinni Fire Elementalist)      Turns: 5100, Time: 00:19:12

Health: -9/40      AC:  4    Str:  7    XL:     7   Next: 7%
Gold:   189        EV: 12    Int: 19    God:    Hepliaklqana [**....] SH:  0 Dex: 13

rFire    + + .     SeeInvis .   t - +4 quarterstaff (chaos)
rCold    x . .     Faith    .   (shield currently unavailable)
rNeg     . . .     Spirit   .   l - +0 leather armour
rPois    ∞         Reflect  .   (no helmet)
rElec    .         Harm     .   m - +0 cloak
rCorr    .         Rampage  .   (no gloves)
Will     .....                  (boots unavailable)
Stlth    ++........             (no amulet)
HPRegen  0.13/turn              (no ring)
MPRegen  0.00/turn              (no ring)

@: flying, very slightly contaminated
A: reduced essence, sickness immunity, fire resistance 2, cold vulnerability 1,
float, innate caster, hp casting, extra vitality 1
a: Renounce Religion, Recall Ancestor, Ancestor Identity


You were on level 5 of the Dungeon.
You worshipped Hepliaklqana.
Hepliaklqana was pleased with you.
You visited 1 branch of the dungeon, and saw 5 of its levels.

You collected 259 gold pieces.
You spent 70 gold pieces at shops.

Inventory:

Hand Weapons
 c - a +0 short sword
 q - a +2 flail of protection
 t - a +4 quarterstaff of chaos (weapon)
 D - a +0 short sword of draining
 E - a +0 war axe
 G - a +0 short sword of holy wrath
Missiles
 d - 97 stones
 h - 15 poisoned darts
 i - 6 curare-tipped darts
 j - a throwing net
 x - 13 sling bullets
 A - 11 arrows
Armour
 g - a +0 scale mail
 k - a +0 ring mail
 l - a +0 leather armour (worn)
 m - a +0 cloak (worn)
 z - a +0 buckler
 H - a +0 scale mail
Wands
 C - a wand of charming (5)
Scrolls
 b - a scroll of identify {unknown}
 e - 3 scrolls of amnesia {unknown}
 f - a scroll of enchant armour {unknown}
 p - 2 scrolls of vulnerability {unknown}
 r - a scroll of teleportation {unknown}
 s - a scroll of magic mapping {unknown}
 v - a scroll of immolation {unknown}
 y - 2 scrolls of enchant weapon {unknown}
 F - a scroll of silence {unknown}
Potions
 a - a potion of might {unknown}
 n - a potion of curing
 o - a potion of lignification
 u - a potion of brilliance {unknown}
 w - a potion of berserk rage {unknown}
 B - a potion of flight {unknown}


   Skills:
 + Level 0.3 Fighting
 + Level 1.9 Armour
 + Level 3.0 Dodging
 + Level 2.1 Stealth
 + Level 5.0 Spellcasting


You couldn't memorise any spells.
You knew the following spells:

 Your Spells              Type           Power      Damage    Failure   Level
a - Foxfire               Conj/Fire      92%        2x1d8     2%          1
b - Conjure Flame         Conj/Fire      23%        6-21      7%          3
c - Inner Flame           Hex/Fire       23%        N/A       7%          3
d - Sticky Flame          Conj/Fire      23%        2d4       22%         4
e - Fireball              Conj/Fire      11%        3d7       54%         5
f - Sandblast             Erth           46%        2d11      2%          1
g - Static Discharge      Conj/Air       23%        N/A       3%          2
h - Teleport Other        Tloc           23%        N/A       7%          3
Your spell library was empty.

Dungeon Overview and Level Annotations

Branches:
Dungeon (5/15)
 Temple: D:4-7

Altars:
Hepliaklqana
Trog

Shops:
D:2 !

Annotations:
D:5 Dowan


Innate Abilities, Weirdness & Mutations

Your life essence is reduced to manifest your ancestor. (-10% HP)
You are immune to sickness and miasma.
You are immune to poison.
Your flesh is very heat resistant. (rF++)
You are vulnerable to cold. (rC-)
You float through the air rather than walking.
You learn spells naturally, not from books.
Your magical power is your life essence.
You have superior vitality. (+4 HP)


Message History

Kheti partially resists.
The foxfire hits Dowan.
Dowan is heavily wounded.
Casting: Foxfire (safe; 2% risk of failure)
Confirm with . or Enter, or press ? or * to list all spells.
Aiming: Teleport Other (dangerous; 7% risk of failure)
Press: ? - help, Shift-Dir - straight line, f - Dowan
Aim: Dowan, wielding a +0 dagger and wearing a +0 robe (heavily wounded, fast, ally target, chance to affect: 62%) Kheti avoids your attack.
Dowan resists with significant effort.
* * * LOW HITPOINT WARNING * * *
Dowan gestures at you while chanting.
The shard of ice hits Kheti!!
Kheti partially resists.
Casting: Teleport Other (dangerous; 7% risk of failure)
Confirm with . or Enter, or press ? or * to list all spells.
Aiming: Teleport Other (dangerous; 7% risk of failure)
Press: ? - help, Shift-Dir - straight line, f/p - Dowan
Aim: Dowan, wielding a +0 dagger and wearing a +0 robe (heavily wounded, fast, ally target, chance to affect: 62%)
You miscast Teleport Other.
You are very lightly contaminated with residual magic.
Nothing appears to happen.
* * * LOW HITPOINT WARNING * * *
Dowan points at you and mumbles some strange words.
Kheti blocks the stone arrow.
Dowan hits Kheti but does no damage.
Casting: Teleport Other (dangerous; 7% risk of failure)
Confirm with . or Enter, or press ? or * to list all spells.
Aiming: Teleport Other (dangerous; 7% risk of failure)
Press: ? - help, Shift-Dir - straight line, f/p - Dowan
Aim: Dowan, wielding a +0 dagger and wearing a +0 robe (heavily wounded, fast, ally target, chance to affect: 62%)
You miscast Teleport Other.
Nothing appears to happen.
* * * LOW HITPOINT WARNING * * *
Dowan hits Kheti with a +0 dagger.
Kheti closely misses Dowan.
Kheti blocks something's attack.
Something barely misses Kheti.
Something closely misses Kheti.
Kheti hits Dowan with a +0 flail!
Dowan hits Kheti but does no damage.
Kheti barely misses Dowan.
Dowan casts a spell at you. The shard of ice hits you!
You feel a painful chill!
You die...

##...#####...#.#
############.## ##.##.# .
##..$... ..##.# #.#..# ..
##..... ...#.# #.#.## #.. #...#
#..#.# #.#### #..###...##
#.##.## ##.## #
#....†...######.#...#####...###
#.......Re..#.....#.......#....
#....####.....@.#...#####...#..
.......# ###....###.### ##.##..
.......# ###### #...## #....#
###.e... ###..## ##..## ##....
##..####### ....# #....#...##
....## ##......... #.........
#########.


You could see the friendly Kheti the knight and Dowan (fast, ally target).

Vanquished Creatures
  Crazy Yiuf (D:2)
  Terence (D:2)
  4 gnolls (D:3)
  An adder (D:2)
  An ufetubus (D:5)
  An adder skeleton (D:3)
  3 worms
  2 dart slugs
  2 orcs (D:4)
  3 ball pythons (D:1)
  A bat (D:1)
  5 endoplasms
  4 giant cockroaches
  10 goblins
  9 hobgoblins
  9 jackals
  16 kobolds
  7 quokkas
  2 frilled lizards (D:3)
82 creatures vanquished.

Vanquished Creatures (collateral kills)
  Duvessa (D:5)
  An iguana (D:4)
  A scorpion zombie (D:5)
  A howler monkey zombie (D:5)
  An endoplasm (D:3)
  A goblin (D:3)
  3 hobgoblins
  A jackal (D:4)
  A ball python (D:2)
  A bat (D:3)
  A rat (D:2)
13 creatures vanquished.

Vanquished Creatures (others)
  An ancestor (D:2)
  306 foxfires
307 creatures vanquished.

Grand Total: 402 creatures vanquished

Notes
Turn   | Place    | Note
-------+----------+-------------------------------------------
     0 | D:1      | snetch the Djinni Fire Elementalist began the quest for the
                  | Orb.
     0 | D:1      | Reached XP level 1. HP: 15/15 MP: 0/0
   351 | D:1      | Reached XP level 2. HP: 17/21 MP: 0/0
   705 | D:1      | Reached skill level 3 in Spellcasting
   718 | D:2      | Reached XP level 3. HP: 19/25 MP: 0/0
   718 | D:2      | Learned a level 1 spell: Sandblast
  1471 | D:1      | Reached XP level 4. HP: 29/31 MP: 0/0
  2005 | D:1      | Found a faded altar of an unknown god.
  2008 | D:1      | Became a worshipper of Hepliaklqana the Forgotten
  2008 | D:1      | Reached * piety under Hepliaklqana
  2285 | D:2      | Found Ufreudgh's Distillery.
  2296 | D:2      | Noticed Terence
  2302 | D:2      | Killed Terence
  2303 | D:2      | Reached XP level 5. HP: 19/31 MP: 0/0
  2303 | D:2      | Learned a level 2 spell: Static Discharge
  2314 | D:2      | Bought a potion of degeneration for 10 gold pieces
  2314 | D:2      | Bought a potion of curing for 30 gold pieces
  2314 | D:2      | Bought a potion of lignification for 30 gold pieces
  2443 | D:2      | Found a runed translucent door.
  2444 | D:2      | Noticed Crazy Yiuf
  2581 | D:2      | Reached ** piety under Hepliaklqana
  2719 | D:3      | Reached skill level 4 in Spellcasting
  3096 | D:3      | Found a bloodstained altar of Trog.
  3462 | D:2      | Killed Crazy Yiuf
  3704 | D:4      | Reached XP level 6. HP: 29/36 MP: 0/0
  3704 | D:4      | Remembered your ancestor Kheti as a knight
  4400 | D:5      | Entered Level 5 of the Dungeon
  5050 | D:5      | Reached skill level 1 in Armour
  5071 | D:5      | Noticed Duvessa
  5085 | D:5      | Killed Duvessa
  5086 | D:5      | Reached XP level 7. HP: 11/40 MP: 0/0
  5086 | D:5      | Learned a level 3 spell: Teleport Other
  5087 | D:5      | Reached skill level 5 in Spellcasting
  5087 | D:5      | Noticed Dowan
  5100 | D:5      | Killed from afar by Dowan

Illustrated notes

Levels and vault maps discovered:
D:1:      minmay_arrival_three_doors, layout_loops_ring,
          hellmonk_ecumenical_altar_inner_sanctum,
          chequers_serial_rivers_small_b
D:2:      layout_basic, serial_shops, shop, uniq_crazy_yiuf_cottage,
          uniq_terence
D:3:      layout_basic, overflow_temple_1_default
D:4:      layout_cave_pools, serial_column_ruins, column_ruins_hut,
          column_ruins_courtyard_long, column_ruins_grid_1, column_ruins_grid_1,
          column_ruins_corridor_straight, column_ruins_corridor_corner
D:5:      layout_layer_cave, st_stairs_6, amcnicky_mini_corridor_feature,
          serial_park_tiny_pond, minmay_misc_feat_tower, uniq_pikel,
          uniq_duvessa

Skill      XL: |  1  2  3  4  5  6  7 |
---------------+----------------------+-----
Spellcasting   | 3 4 5 |  5.0
Stealth        | 2 |  2.1
Armour         | 1 |  1.9
Dodging        | 3 |  3.0
Fighting       | |  0.3

Action                   |  1- 3 |  4- 6 |  7- 9 || total
-------------------------+-------+-------+-------++-------
Melee: Short sword       |       |     1 |       ||     1
       Quarterstaff      |       |     3 |       ||     3
 Cast: Foxfire           |    64 |   130 |     1 ||   195
       Sandblast         |       |     4 |       ||     4
       Teleport Other    |       |       |     1 ||     1
Invok: Ancestor Life: Kn |       |     1 |       ||     1
 Stab: Sleeping          |       |     1 |       ||     1
Armor: Robe              |     8 |       |       ||     8
       Leather armour    |       |    13 |       ||    13
Dodge: Dodged            |     9 |    32 |       ||    41

Table legend: (Time is in decaauts)
 A = Elapsed time spent in this place.
 B = Non-inter-level travel time spent in this place.
 C = Inter-level travel time spent in this place.
 D = Time resting spent in this place.
 E = Time spent auto-exploring this place.
 F = Levels seen in this place.
 G = Mean time per level.
                   A        B        C        D        E       F      G
               +--------+--------+--------+--------+--------+-----+--------+
         Total |   5099 |   4782 |    317 |    152 |   3694 |   5 | 1019.8 |
       Dungeon |   5099 |   4782 |    317 |    152 |   3694 |   5 | 1019.8 |
               +--------+--------+--------+--------+--------+-----+--------+

Top non-repeatable levels by time:
     D:1: 2128 daAuts
     D:2: 1532 daAuts
     D:4: 671 daAuts
     D:3: 546 daAuts
     D:5: 220 daAuts
